 Dungeon Crawl Stone Soup version 0.26.1-2-gb8aa6d0cf2 (webtiles) character file.

Game seed: 7025894310768033881

135975 raph the Earth Mage (level 16, -2/92 HPs)
             Began as a Deep Elf Earth Elementalist on Mar 20, 2021.
             Was a High Priest of Ashenzari.
             Slain by an anaconda (8 damage)
             ... on level 1 of the Snake Pit on Mar 21, 2021.
             The game lasted 02:03:19 (51781 turns).

raph the Earth Mage (Deep Elf Earth Elementalist)  Turns: 51781, Time: 02:03:19

Health: -2/92      AC: 26    Str: 13    XL:     16   Next: 65%
Magic:  8/40       EV: 15    Int: 31    God:    Ashenzari [*****.]
Gold:   543        SH:  6    Dex: 15    Spells: 1/34 levels left

rFire    + . .     SeeInvis +   a - +1 demon blade (elec) (curse)
rCold    . . .     Faith    .   N - +1 buckler {rF+} (curse)
rNeg     . . .     Spirit   .   A - +0 swamp dragon scales
rPois    +         Reflect  .   O - +2 helmet {Int+3} (curse)
rElec    .         Harm     .   t - +2 cloak (curse)
rCorr    .         Rampage  .   q - +2 pair of gloves (curse)
Will     +....     Clarity  +   F - +1 pair of boots (curse)
Stlth    ++++......             x - amulet of Quqij {Regen+ MP+9 Str+8} (curse)
HPRegen  0.65/turn              y - ring of stealth (curse)
MPRegen  0.27/turn              m - +4 ring of protection (curse)

@: about to teleport, constricted
A: no striking features
a: Renounce Religion, Curse Item, Scrying, Transfer Knowledge


You were on level 1 of the Snake Pit.
You worshipped Ashenzari.
Ashenzari was extremely pleased with you.
You visited 6 branches of the dungeon, and saw 27 of its levels.
You also visited: Ossuary.

You collected 3041 gold pieces.
You spent 2498 gold pieces at shops.

Inventory:

Hand Weapons
 a - a cursed +1 demon blade of electrocution (weapon)
 V - a +2 rapier of venom
Missiles
 b - 399 stones
Armour
 q - a cursed +2 pair of gloves (worn)
 t - a cursed +2 cloak (worn)
 A - +0 swamp dragon scales (worn)
 F - a cursed +1 pair of boots (worn)
 N - a cursed +1 buckler of fire resistance (worn)
 O - a cursed +2 helmet of intelligence (worn)
 W - a +1 robe of the Archmagi
 Z - +0 fire dragon scales
Jewellery
 d - an uncursed ring of protection from fire
 i - an uncursed ring of flight
 m - a cursed +4 ring of protection (right hand)
 x - the cursed amulet of Quqij (around neck) {Regen+ MP+9 Str+8}
   (You bought it in a shop on level 1 of the Snake Pit)

   [amulet of regeneration]

   It affects your strength (+8).
   It affects your magic capacity (+9).
   It increases your rate of regeneration.
   It has a curse placed upon it.
 y - a cursed ring of stealth (left hand)
 G - an uncursed amulet of regeneration
 M - a +6 ring of strength
 P - an uncursed ring of ice
 X - a +6 ring of dexterity
Wands
 c - a wand of flame (27)
 g - a wand of acid (28)
 v - a wand of digging (18)
 z - a wand of polymorph (24)
 L - a wand of paralysis (21)
 T - a wand of enslavement (12)
 U - a wand of random effects (17)
Scrolls
 e - 8 scrolls of identify
 l - 15 scrolls of teleportation
 r - 4 scrolls of amnesia
 s - 2 scrolls of magic mapping
 u - 2 scrolls of random uselessness
 w - 9 scrolls of blinking
 D - a scroll of remove curse
 E - 2 scrolls of silence
 R - 4 scrolls of fog
Potions
 f - 4 potions of haste
 h - a potion of ambrosia
 j - 6 potions of curing
 k - 2 potions of invisibility
 n - 2 potions of cancellation
 o - 2 potions of mutation
 p - 6 potions of flight
 B - 3 potions of attraction
 C - 4 potions of berserk rage
 H - 4 potions of might
 J - 3 potions of brilliance
 K - a potion of lignification
 Q - a potion of magic
Miscellaneous
 I - a condenser vane
 S - a phial of floods (inert)
 Y - a box of beasts


   Skills:
 - Level 7.1 Fighting
 - Level 7.2(9.2) Short Blades
 * Level 8.0(12.6) Long Blades
 * Level 6.2(9.0) Armour
 - Level 9.8(12.3) Dodging
 - Level 7.5 Stealth
 - Level 2.7(4.9) Shields
 + Level 9.8 Spellcasting
 + Level 12.1(15.8) Conjurations
 - Level 1.1(3.4) Transmutations
 * Level 14.4(17.9) Fire Magic
 * Level 16.3(19.7) Earth Magic


You had one spell level left.
You knew the following spells:

 Your Spells              Type           Power        Failure   Level
a - Sandblast             Erth           100%         0%          1
b - Passwall              Tmut/Erth      60%          1%          2
c - Stone Arrow           Conj/Erth      100%         0%          3
d - Lee's Rapid Deconstr  Erth           47%          1%          5
e - Sticky Flame          Conj/Fire      88%          1%          4
f - Fireball              Conj/Fire      44%          1%          5
g - Blink                 Tloc           N/A          8%          2
h - Call Imp              Summ           18%          8%          2
i - Animate Skeleton      Necr           36%          4%          1
j - Petrify               Tmut/Erth      72%          1%          4
k - Apportation           Tloc           36%          4%          1
l - Ozocubu's Armour      Ice            18%          14%         3

Your spell library contained the following spells:

 Spells                   Type           Power        Failure   Level
 Foxfire                  Conj/Fire      100%         0%          1
 Magic Dart               Conj           100%         0%          1
 Corona                   Hex            20%          4%          1
 Freeze                   Ice            72%          4%          1
 Summon Small Mammal      Summ           72%          4%          1
 Conjure Flame            Conj/Fire      88%          1%          3
 Dazzling Flash           Conj/Hex       100%         1%          3
 Inner Flame              Hex/Fire       64%          1%          3
 Mephitic Cloud           Conj/Pois/Air  50%          1%          3
 Hailstorm                Conj/Ice       60%          2%          4
 Corpse Rot               Necr/Air       N/A          8%          2
 Ensorcelled Hibernation  Hex/Ice        36%          8%          2
 Slow                     Hex            18%          8%          2
 Confusing Touch          Hex            18%          14%         3
 Frozen Ramparts          Ice            36%          14%         3
 Tukima's Dance           Hex            18%          14%         3
 Summon Ice Beast         Ice/Summ       18%          43%         4
 Summon Forest            Summ/Tloc      9%           80%         5
 Hydra Form               Tmut           18%          93%         6
 Eringya's Noxious Bog    Tmut/Pois      13%          99%         6
 Summon Hydra             Summ           9%           100%        7


Dungeon Overview and Level Annotations

Branches:
Dungeon (15/15)            Temple (1/1) D:7            Lair (5/6) D:10
  Swamp (3/4) Lair:4        Snake (1/4) Lair:3        Slime (0/5) Lair:5
    Orc (2/2) D:12            Elf (0/3) Orc:2        Vaults (0/5) D:14
 Depths (0/5) D:15        Ossuary (visited)

Altars:
Ashenzari
Cheibriados
Dithmenos
Elyvilon
Fedhas
Gozag
Hepliaklqana
Kikubaaqudgha
Makhleb
Nemelex Xobeh
Okawaru
Qazlal
Ru
Sif Muna
Trog
Uskayaw
Vehumet
Wu Jian
Xom
Yredelemnul
Zin
The Shining One
Beogh

Shops:
D:4 *   D:8 (   D:10 [   D:12 *   Orc:1 [   Orc:2 (}*[?   Snake:1 ?*

Portals:
Pandemonium: Orc:2

Annotations:
D:11 4 runed translucent doors
D:15 1 runed translucent door, Vochiuc's ghost, adept DEFE
Lair:1 2 transporters, Cleetus's ghost, journeyman FoFi
Lair:2 2 transporters, bomjara's ghost, journeyman OpEE


Message History

The naga sharpshooter mumbles some strange words.
The naga sharpshooter magically shoots an arrow.
The arrow hits you but does no damage. You block the anaconda's attack.
* * * LOW HITPOINT WARNING * * *
The anaconda constricts you.
You hear an angry hiss.
Unknown command.
Okay, then.
As you read the scroll of teleportation, it crumbles to dust.
You feel strangely unstable.
The anaconda burns!
You block the anaconda's attack. The anaconda barely misses you.
The anaconda constricts you.
A black mamba comes into view.
The mana viper bites you!
* * * LOW HITPOINT WARNING * * *
You feel your power leaking away. The anaconda bites you!
* * * LOW HITPOINT WARNING * * *
The anaconda bites you!
You die...

####.###....###.. #.
##.#......#... ##.#
#).........##
#.#.##......#... .
##.##.....#).......
##..##.#............
#.#.#.......#.......
#...S.(((......#.. ,
##S@#{.##...N...N ,
#..##SS###........, 8
##..NN#N........? ,* *
* *.##.≈≈.....(....,,
, ,
*#....N..{.S)†....,,
,, ,....#..N...#†....
*, *
##..##...#...{.##.,,,,
* * ,,, .#.... ,**, ,
* ,, , ,


You could see 2 naga sharpshooters, 2 anacondas, a mana viper, 2 black mambas, a
naga mage (wandering) and a naga.

Vanquished Creatures
  Rupert (D:12)
  Donald (Orc:2)
  A stone giant (Orc:1)
  Azrael (Orc:2)
  2 bunyips
  Josephine (Lair:5)
  2 fire dragons (D:15)
  2 eleionomae
  A boulder beetle (Lair:5)
  A naga warrior (Snake:1)
  13 hydras
  Fannar (D:11)
  A catoblepas (Lair:5)
  A ghost crab (Swamp:2)
  Erolcha (D:9)
  Erica (D:11)
  3 centaur warriors
  2 dancing weapons (D:14)
  9 death yaks
  3 alligators
  4 two-headed ogres
  A naga sharpshooter (Snake:1)
  4 spriggan berserkers (D:14)
  5 orc high priests (Orc:2)
  Urug (D:12)
  Sonja (Orc:2)
  3 spriggans
  A goliath frog (Swamp:3)
  2 gelid demonspawn (Orc:2)
  2 infernal demonspawn (Orc:2)
  A swamp dragon (Swamp:1)
  A death drake (Swamp:3)
  A naga ritualist (Snake:1)
  7 bog bodies (Swamp:3)
  A phantasmal warrior (Swamp:3)
  4 spectral hydras (Swamp:3)
  A necromancer (Swamp:3)
  7 orc knights
  13 deep elf magi
  5 goliath frog zombies (Swamp:3)
  A cyclops (D:15)
  9 orc sorcerers
  3 oklob plants (Lair:5)
  10 ugly things
  11 black mambas
  2 will-o-the-wisps
  A manticore (D:12)
  12 elephants
  2 rust devils (Orc:2)
  2 naga magi (Snake:1)
  2 torpor snails
  4 gargoyles
  2 orange demons (Orc:2)
  10 komodo dragons
  19 cane toads
  4 swamp worm zombies (Swamp:3)
  2 efreet
  2 rime drakes
  An ice devil (Orc:1)
  5 trolls
  2 polar bears (Lair:2)
  2 bloated husks
  4 hornets
  A spectral swamp dragon (Swamp:3)
  4 tyrant leeches
  4 dream sheep (Lair:5)
  29 blink frogs
  6 slime creatures (D:11)
  3 alligator zombies (Swamp:3)
  A spriggan (shapeshifter) (D:14)
  6 wraiths
  A shadow (D:11)
  2 fire elementals (Orc:2)
  4 wyverns
  4 basilisks
  4 fire bats (D:8)
  23 yaks
  A tyrant leech zombie (Swamp:3)
  Eustachio (D:4)
  2 vampire mosquitoes (Swamp:1)
  A neqoxec (Orc:2)
  2 wargs
  5 nagas (Snake:1)
  9 swamp worms
  Edmund (D:4)
  12 water moccasins
  6 hell hounds
  4 swamp drakes
  36 orc warriors
  A sky beast (D:5)
  A necrophage (D:8)
  6 ice beasts
  2 black bears
  23 wolves
  14 ogres
  3 eyes of draining
  3 phantoms
  7 centaurs
  2 elf zombies (Ossuary)
  2 big kobolds
  16 bullfrogs
  3 wyvern skeletons
  A water moccasin zombie (D:11)
  3 scorpions
  2 spriggan zombies (Swamp:3)
  3 troll zombies (Swamp:3)
  15 wights
  2 howler monkeys
  7 centaur zombies
  5 jellies
  2 lava snakes (D:8)
  A quasit (D:10)
  3 bullfrog zombies
  7 hounds
  A human zombie (Ossuary)
  27 orc priests
  28 orc wizards
  Crazy Yiuf (D:3)
  5 centaur skeletons
  3 bullfrog skeletons
  Jessica (D:3)
  6 iguanas
  Ijyb (D:3)
  A statue (D:9)
  7 worker ants
  A killer bee zombie (D:8)
  A big kobold zombie (Ossuary)
  A hound zombie (D:7)
  3 mummies
  Robin (D:3)
  A howler monkey skeleton (D:5)
  12 adders
  A shadow imp (D:9)
  A white imp (D:5)
  3 ufetubi
  2 oozes
  4 adder skeletons
  4 adder zombies
  5 worms
  3 dart slugs
  10 leopard geckos
  97 orcs
  5 ball pythons
  12 giant cockroaches
  16 goblins
  12 hobgoblins
  8 jackals
  16 kobolds
  7 quokkas
  13 bats
  6 frilled lizards
  3 goblin zombies (Ossuary)
  10 hobgoblin zombies
  A jackal zombie (Ossuary)
  6 kobold zombies
  11 orc zombies (Ossuary)
  A quokka skeleton (D:4)
  9 rats
  3 fire vortices (D:8)
901 creatures vanquished.

Vanquished Creatures (collateral kills)
  A spectral hydra (Swamp:3)
  An orc (Orc:2)
2 creatures vanquished.

Vanquished Creatures (others)
  A warg (Orc:2)
  5 foxfires
  45 fungi
  74 plants
  6 withered plants (Swamp:3)
131 creatures vanquished.

Grand Total: 1034 creatures vanquished

Notes
Turn   | Place    | Note
-------+----------+-------------------------------------------
     0 | D:1      | raph the Deep Elf Earth Elementalist began the quest for
                  | the Orb.
     0 | D:1      | Reached XP level 1. HP: 10/10 MP: 6/6
   186 | D:1      | Reached XP level 2. HP: 15/15 MP: 6/8
   337 | D:1      | Learned a level 2 spell: Passwall
  1057 | D:1      | Reached XP level 3. HP: 19/19 MP: 9/9
  1061 | D:1      | Learned a level 3 spell: Stone Arrow
  1525 | D:2      | Reached skill level 4 in Earth Magic
  2228 | D:2      | Reached XP level 4. HP: 24/24 MP: 6/11
  2273 | D:2      | Found a shimmering altar of Xom.
  3431 | D:3      | Noticed Robin
  3501 | D:3      | Killed Robin
  3502 | D:3      | Reached XP level 5. HP: 22/28 MP: 7/13
  3575 | D:3      | Learned a level 5 spell: Lee's Rapid Deconstruction
  3819 | D:3      | Noticed Ijyb
  3834 | D:3      | Killed Ijyb
  3835 | D:3      | Reached skill level 5 in Earth Magic
  3857 | D:3      | Noticed Jessica
  3872 | D:3      | Killed Jessica
  4087 | D:3      | Found a runed translucent door.
  4088 | D:3      | Noticed Crazy Yiuf
  4096 | D:3      | Killed Crazy Yiuf
  4504 | D:3      | Reached skill level 6 in Earth Magic
  4628 | D:4      | Found a stormy altar of Qazlal.
  4668 | D:4      | Reached XP level 6. HP: 32/32 MP: 12/14
  4749 | D:4      | Found Sadyogor's Assorted Antiques.
  4767 | D:4      | Bought an encrusted coral ring for 130 gold pieces
  4769 | D:4      | Bought 2 scrolls labelled TITURA UNGI for 52 gold pieces
  4841 | D:4      | Reached skill level 7 in Earth Magic
  4886 | D:4      | Noticed Eustachio
  4917 | D:4      | Killed Eustachio
  4918 | D:4      | Reached skill level 8 in Earth Magic
  4918 | D:4      | Reached XP level 7. HP: 33/36 MP: 4/15
  5130 | D:4      | Found a bloodstained altar of Trog.
  5348 | D:4      | Noticed Edmund
  5501 | D:4      | Killed Edmund
  5502 | D:4      | Reached skill level 9 in Earth Magic
  6074 | D:4      | Found a glowing silver altar of Zin.
  6100 | D:4      | Found an opulent altar of Gozag.
  6141 | D:5      | Entered Level 5 of the Dungeon
  6316 | D:4      | Reached XP level 8. HP: 27/41 MP: 2/16
  6526 | D:5      | Reached skill level 10 in Earth Magic
  7266 | D:5      | Found a sacrificial altar of Ru.
  7345 | D:5      | Reached skill level 11 in Earth Magic
  8169 | D:6      | You fall into a shaft and drop 3 floors!
  8225 | D:9      | Noticed a troll
  8235 | D:9      | Killed a troll
  8236 | D:9      | Reached skill level 12 in Earth Magic
  8327 | D:8      | Reached XP level 9. HP: 45/45 MP: 14/17
  8371 | D:8      | Noticed a two-headed ogre
  8373 | D:8      | Killed a two-headed ogre
  8374 | D:8      | Reached skill level 1 in Fighting
  8374 | D:8      | Reached skill level 5 in Spellcasting
  8374 | D:8      | Reached skill level 1 in Conjurations
  9064 | D:7      | Found a sand-covered staircase.
  9082 | Ossuary  | Entered an ossuary
  9814 | Ossuary  | Reached skill level 5 in Dodging
  9975 | D:7      | Learned a level 4 spell: Sticky Flame
 10089 | D:6      | Reached skill level 1 in Fire Magic
 10092 | D:6      | Reached skill level 13 in Earth Magic
 10303 | D:6      | Found a glowing golden altar of the Shining One.
 10422 | D:7      | Found a staircase to the Ecumenical Temple.
 10431 | Temple   | Entered the Ecumenical Temple
 10542 | Temple   | Became a worshipper of Ashenzari the Shackled
 10806 | D:7      | Identified the cursed +1 ring mail of the Great Game {rElec
                  | rN+ Will-}
 10985 | D:7      | Learned a level 5 spell: Fireball
 11103 | D:7      | Reached XP level 10. HP: 54/54 MP: 1/21
 12273 | D:8      | Found a hazy altar of Hepliaklqana.
 12390 | D:8      | Found Xomun's Weapon Shop.
 12600 | D:8      | Reached skill level 1 in Short Blades
 12635 | D:8      | Reached * piety under Ashenzari
 13483 | D:9      | Found a radiant altar of Vehumet.
 13637 | D:9      | Found a shimmering blue altar of Sif Muna.
 13710 | D:9      | Reached skill level 5 in Conjurations
 13710 | D:9      | Noticed Erolcha
 13873 | D:9      | Killed Erolcha
 14779 | D:9      | Reached XP level 11. HP: 53/59 MP: 5/23
 14835 | D:9      | Reached skill level 5 in Fire Magic
 14842 | D:9      | Learned a level 2 spell: Blink
 14915 | D:9      | Noticed a two-headed ogre
 14917 | D:9      | Killed a two-headed ogre
 15086 | D:9      | Found an ancient bone altar of Kikubaaqudgha.
 15232 | D:10     | Entered Level 10 of the Dungeon
 15602 | D:10     | Found a sacrificial altar of Ru.
 15783 | D:10     | Identified a scroll of acquirement
 15783 | D:10     | Acquired a cursed +1 buckler of fire resistance
 15979 | D:10     | Found Mejitu's Antique Armour Emporium.
 15982 | D:10     | Bought a shiny helmet for 277 gold pieces
 16017 | D:10     | Reached ** piety under Ashenzari
 16023 | D:10     | Found a staircase to the Lair.
 16567 | Lair:1   | Entered Level 1 of the Lair of Beasts
 16683 | Lair:1   | Learned a level 2 spell: Call Imp
 16709 | Lair:1   | Reached skill level 1 in Shields
 16784 | Lair:1   | Noticed a six-headed hydra
 16806 | Lair:1   | Killed a six-headed hydra
 16925 | Lair:1   | Reached skill level 5 in Short Blades
 17782 | Lair:1   | Noticed a five-headed hydra
 17786 | Lair:1   | Killed a five-headed hydra
 17875 | Lair:1   | Reached XP level 12. HP: 64/64 MP: 18/26
 17928 | Lair:1   | Found a transporter.
 17931 | Lair:1   | Identified the amulet "Awubbilu" {Reflect rC++ rN+++ Str-3
                  | Slay-3 SH+5}
 17932 | Lair:1   | Noticed Cleetus's ghost (journeyman FoFi)
 17984 | Lair:1   | Found a transporter.
 18297 | Lair:2   | Noticed a death yak
 18297 | Lair:2   | Noticed a death yak
 18297 | Lair:2   | Noticed a death yak
 18297 | Lair:2   | Noticed a death yak
 18312 | Lair:1   | Killed a death yak
 18828 | Lair:1   | Killed a death yak
 18947 | Lair:1   | Killed a death yak
 19032 | Lair:1   | Killed a death yak
 19112 | Lair:2   | Reached skill level 14 in Earth Magic
 19564 | Lair:2   | Found a transporter.
 19569 | Lair:2   | Noticed a six-headed hydra
 19577 | Lair:2   | Noticed bomjara's ghost (journeyman OpEE)
 19584 | Lair:2   | Noticed a seven-headed hydra
 19589 | Lair:2   | Found a transporter.
 19654 | Lair:2   | Reached skill level 5 in Stealth
 19876 | Lair:2   | Reached *** piety under Ashenzari
 21240 | Lair:3   | Reached XP level 13. HP: 65/69 MP: 13/27
 21279 | Lair:3   | Found a staircase to the Snake Pit.
 22270 | Lair:3   | Reached **** piety under Ashenzari
 24025 | Lair:4   | Reached skill level 10 in Fire Magic
 24456 | Lair:4   | Found a staircase to the Swamp.
 26799 | Lair:5   | Found a staircase to the Slime Pits.
 26810 | Lair:5   | Noticed Josephine
 27234 | Lair:5   | Killed Josephine
 27489 | Lair:5   | Reached XP level 14. HP: 76/76 MP: 9/28
 27743 | Lair:5   | Reached ***** piety under Ashenzari
 28072 | Lair:5   | Reached skill level 5 in Fighting
 28190 | Lair:5   | Reached skill level 10 in Conjurations
 28644 | D:11     | Noticed Erica
 28646 | D:11     | Killed Erica
 28647 | D:11     | Reached skill level 1 in Armour
 28738 | D:11     | Found a huge runed translucent gate.
 28739 | D:11     | Found a huge runed translucent gate.
 28740 | D:11     | Found a huge runed translucent gate.
 28741 | D:11     | Found a huge runed translucent gate.
 28777 | D:11     | Noticed Fannar
 28782 | D:11     | Killed Fannar
 30122 | D:12     | Noticed Urug
 30131 | D:12     | Killed Urug
 30693 | D:12     | Noticed Rupert
 30697 | D:12     | Found a staircase to the Orcish Mines.
 30698 | D:12     | Killed Rupert
 31305 | D:12     | Found a shimmering altar of Xom.
 31306 | D:12     | Found a shimmering altar of Xom.
 31306 | D:12     | Found a shimmering altar of Xom.
 31307 | D:12     | Found a shimmering altar of Xom.
 31307 | D:12     | Found a shimmering altar of Xom.
 31309 | D:12     | Found a shimmering altar of Xom.
 31320 | D:12     | Found a shimmering altar of Xom.
 31545 | D:12     | Found Gik Zab's General Store.
 31553 | D:12     | Bought a scroll of remove curse for 45 gold pieces
 31796 | Orc:1    | Entered Level 1 of the Orcish Mines
 31903 | Orc:1    | Paralysed by an orc sorcerer for 3 turns
 32201 | Orc:1    | Found Tiap's Armour Boutique.
 32445 | Orc:1    | Identified the +3 cloak "Ikith" {Int+2}
 32480 | Orc:1    | Reached skill level 15 in Earth Magic
 32535 | Orc:1    | Found a runed translucent door.
 32778 | Orc:1    | Found a roughly hewn altar of Beogh.
 32783 | Orc:1    | Noticed a stone giant
 33065 | Orc:1    | Killed a stone giant
 33713 | Orc:1    | Found a roughly hewn altar of Beogh.
 33776 | Orc:1    | Learned a level 1 spell: Animate Skeleton
 33810 | Orc:2    | Entered Level 2 of the Orcish Mines
 33810 | Orc:2    | Noticed Donald
 33819 | Orc:2    | Killed Donald
 34525 | Orc:2    | Found a staircase to the Elven Halls.
 34526 | Orc:2    | Found a roughly hewn altar of Beogh.
 34766 | Orc:2    | Found Ylekh's Weapon Boutique.
 34766 | Orc:2    | Noticed Sonja
 34776 | Orc:2    | Killed Sonja
 34909 | Orc:2    | Noticed Azrael
 35212 | Orc:2    | Killed Azrael
 35505 | Orc:2    | Learned a level 4 spell: Petrify
 35805 | Orc:2    | Reached XP level 15. HP: 84/84 MP: 13/29
 37289 | Orc:2    | Found Jiryu's General Store.
 37291 | Orc:2    | Found Emydd's Magic Scroll Shop.
 37926 | Orc:2    | Found Cudabra's Antique Armour Emporium.
 37926 | Orc:2    | Found Ategagigh's Gadget Shoppe.
 38607 | Orc:2    | Reached skill level 10 in Short Blades
 39529 | Orc:2    | Found a one-way gate leading to the halls of Pandemonium.
 39575 | Orc:2    | Bought a scroll of blinking for 90 gold pieces
 39575 | Orc:2    | Bought a scroll of identify for 24 gold pieces
 39575 | Orc:2    | Bought a scroll of identify for 24 gold pieces
 39575 | Orc:2    | Bought a scroll of remove curse for 36 gold pieces
 39575 | Orc:2    | Bought a scroll of blinking for 90 gold pieces
 39575 | Orc:2    | Bought a scroll of remove curse for 36 gold pieces
 39575 | Orc:2    | Bought a scroll of brand weapon for 240 gold pieces
 39575 | Orc:2    | Bought a scroll of identify for 24 gold pieces
 39575 | Orc:2    | Bought a scroll of enchant armour for 90 gold pieces
 39891 | D:13     | Reached skill level 1 in Long Blades
 41264 | Orc:2    | Bought a scroll of remove curse for 39 gold pieces
 41264 | Orc:2    | Bought a scroll of remove curse for 39 gold pieces
 41509 | D:14     | Reached skill level 5 in Long Blades
 41529 | D:14     | Learned a level 1 spell: Apportation
 41907 | D:14     | Found the +8 Wrath of Trog {antimagic, *Rage}
 43241 | D:14     | Found a gate to the Vaults.
 43517 | D:15     | Entered Level 15 of the Dungeon
 43863 | D:15     | Found a runed translucent door.
 43866 | D:15     | Noticed Vochiuc's ghost (adept DEFE)
 44302 | D:15     | Found a staircase to the Depths.
 44378 | D:15     | Identified the cursed +1 glaive "Wak Cot" {vorpal, Dex+5}
 44975 | Swamp:1  | Entered Level 1 of the Swamp
 45314 | Swamp:1  | Reached skill level 5 in Armour
 45564 | Swamp:1  | Reached XP level 16. HP: 92/92 MP: 25/31
 46567 | Swamp:2  | Identified the +11 short sword "Gixer" {vorpal, rElec}
 48566 | Swamp:3  | Reached skill level 16 in Earth Magic
 50788 | Swamp:3  | HP: 4/92 [bog body/bolt of cold (21)]
 51249 | Swamp:3  | Learned a level 3 spell: Ozocubu's Armour
 51539 | Snake:1  | Entered Level 1 of the Snake Pit
 51543 | Snake:1  | Found Rousuiku's Retail Resort.
 51552 | Snake:1  | Bought the amulet of Quqij {Regen+ MP+9 Str+8} for 1163
                  | gold pieces
 51552 | Snake:1  | Bought a scroll of remove curse for 48 gold pieces
 51561 | Snake:1  | Found Fuzuasug's Magic Scroll Shop.
 51577 | Snake:1  | Bought a scroll of remove curse for 51 gold pieces
 51781 | Snake:1  | Slain by an anaconda

Illustrated notes

Levels and vault maps discovered:
D:1:      shiori_shiawase, layout_loops_ring, kennysheep_small_spiral,
          chequers_decorated_corner, amcnicky_mini_corridor_feature,
          chequers_arboretum, minmay_pentomino_p4
D:2:      layout_loops_cross, nicolae_overflow_hidden_temple, grunt_ministairs_3
D:3:      minmay_razor_zed, layout_basic, uniq_jessica, uniq_crazy_yiuf_cottage,
          uniq_robin, uniq_ijyb
D:4:      layout_rooms, pdpol_temple_overflow_zin_treasury_gozag_greed,
          nicolae_qazlal_general_emergency, serial_shops, shop,
          trog_butcher_becter, uniq_eustachio, uniq_edmund
D:5:      layout_loops_ring, nicolae_ru_awakened_eye
D:6:      layout_gridville, lemuel_coloured_pillars_altar
D:7:      layout_loops_corners, minmay_temple_entry_gardened_gates,
          nicolae_ossuary_entry_giza
D:8:      layout_gridville, nzn_hepliaklqana_mist_gate, serial_shops, shop,
          hangedman_incinerator
D:9:      layout_long_grid, general_overflow_altar, vehumet_statue,
          lemuel_round_altar, uniq_erolcha
D:10:     layout_small_grid, david_lair_shrubbed, basic_altar, serial_shops,
          kennysheep_mini_moat
D:11:     lemuel_bear_cage, layout_gridville, uniq_erica, uniq_fannar
D:12:     layout_irregular_city, erik_orc_3, serial_shops, shop,
          xom_redecorated, uniq_rupert, uniq_urug
D:13:     layout_cave_pools
D:14:     layout_gridville, erik_vaults_1, minivault_26,
          minmay_guarded_unrand_wrath_of_trog
D:15:     grunt_enter_depths_hoard, layout_cave_pods, dk_noncrumbling_4,
          ebering_ghost_reflecting_pool
Temple:   nicolae_temple_hex_pool
Lair:1:   layout_big_grid, gammafunk_ghost_berserking_beasts,
          nicolae_lair_grove_arrangements, grunt_megastairs_5
Lair:2:   layout_small_grid, nzn_ghost_randoct, grunt_megastairs_4
Lair:3:   layout_gridlike, dummy_snake_entry
Lair:4:   layout_regular_city, palyth_hydra_swamp_entry
Lair:5:   layout_big_grid, minmay_slime_entry_oklob_open, uniq_josephine
Swamp:1:  layout_basic_swamp, evilmike_swamp_ruin_house_2, swamp_pool5,
          wheals_swamp_sinkhole, infiniplex_staircase_pool
Swamp:2:  layout_basic_swamp, evilmike_swamp_ruin_rubble_1
Swamp:3:  cheibrodos_swamp_mausoleum, layout_falls_marsh,
          infiniplex_staircase_pool_2
Snake:1:  layout_cave_shapes, serial_shops, nicolae_shop_crystal, basic_altar,
          grunt_ministairs_8, chequers_hall_statues_wall_a,
          nicolae_alphabet_shops, grunt_megastairs_2
Orc:1:    nicolae_orc_accident_2, layout_caves, serial_shops, shop,
          lightli_church_of_beogh
Orc:2:    pf_orc_diabolical, layout_diamond_mine, serial_shops, shop,
          basic_altar, elves_outpost_lemuel, uniq_sonja, uniq_azrael,
          uniq_donald

Skill      XL: |  1  2  3  4  5  6  7  8  9 10 11 12 13 14 15 16 |
---------------+-------------------------------------------------+-----
Stealth        | 3 5 7 |  7.5
Dodging        | 3 5 6 7 8 9 |  9.8
Earth Magic    | 4 6 8 9 12 13 14 15 16 | 16.3
Spellcasting   | 4 6 7 8 9 |  9.8
Fighting       | 2 3 4 6 7 |  7.1
Conjurations   | 3 5 7 8 9 10 11 12 | 12.1
Fire Magic     | 1 4 7 9 10 12 13 14 | 14.4
Short Blades   | 3 5 7 8 9 7 |  7.2
Shields        | 2 |  2.7
Armour         | 3 5 6 |  6.2
Long Blades    | 6 8 |  8.0
Transmutations | |  1.1

Action                   |  1- 3 |  4- 6 |  7- 9 | 10-12 | 13-15 | 16-18 || total
-------------------------+-------+-------+-------+-------+-------+-------++-------
Melee: Dagger            |    92 |    46 |       |       |       |       ||   138
       Unarmed           |     1 |       |       |       |       |       ||     1
       Short sword       |       |    94 |   128 |   119 |       |       ||   341
       Rapier            |       |       |       |    29 |   262 |       ||   291
       Demon blade       |       |       |       |       |    45 |    91 ||   136
 Cast: Sandblast         |    40 |    47 |    97 |    88 |   109 |    10 ||   391
       Stone Arrow       |     1 |     4 |    27 |    39 |    34 |    12 ||   117
       Passwall          |       |     2 |       |     2 |     2 |     5 ||    11
       Lee's Rapid Decon |       |     2 |    35 |   110 |   265 |    32 ||   444
       Sticky Flame      |       |       |       |    26 |    78 |    19 ||   123
       Fireball          |       |       |       |     7 |   154 |   114 ||   275
       Blink             |       |       |       |     1 |    15 |     2 ||    18
       Animate Skeleton  |       |       |       |       |    16 |     3 ||    19
       Apportation       |       |       |       |       |     1 |     1 ||     2
       Petrify           |       |       |       |       |     1 |       ||     1
Invok: Curse Item        |       |       |     5 |     2 |     5 |     1 ||    13
       Scrying           |       |       |       |       |     2 |       ||     2
       Transfer Knowledg |       |       |       |       |     1 |       ||     1
Evoke: Wand              |       |       |       |       |     2 |     2 ||     4
       Box of beasts     |       |       |       |       |       |     1 ||     1
       Phial of floods   |       |       |       |       |       |     1 ||     1
  Use: Scroll            |     4 |     7 |     5 |     9 |    14 |     7 ||    46
       Potion            |     3 |       |       |       |     1 |     6 ||    10
 Stab: Sleeping          |    11 |     7 |     8 |     2 |    13 |     1 ||    42
Armor: Robe              |    34 |    63 |    47 |       |     6 |       ||   150
       Troll leather arm |       |       |    27 |   108 |    84 |       ||   219
       Swamp dragon scal |       |       |       |       |       |    73 ||    73
Dodge: Dodged            |   104 |   126 |   121 |   187 |   259 |    87 ||   884
Block: Buckler           |       |       |       |    45 |    83 |    47 ||   175
       Rpst.: Demon blade |       |       |       |       |    19 |    17 ||    36
